AoeStats
← KootH.

Black Forest

505707237Analyzed
4v4 RM · 21d ago on Sep 10, 2026· 50m 55s· 8 players
Game mode
Random Map
Map size
Large (8 player)
Population
200
Speed
Normal
Resources
Standard
Victory
Conquest
Starting age
Dark Age
Ending age
Imperial Age
RankedLock teamsTeams togetherTeam positionsShared explorationLock speedFull tech treeHidden civsTurbo modeCheats
Victory
Defeat
🇨🇿 Shu · Czechia
1365
+15
🇧🇷 Bengalis · Brazil
1315
+17
🇵🇱 Magyars · Poland
1306
+18
🇩🇪 Goths · Germany
1286
+18
🇨🇴 Bulgarians · Colombia
1379
-19
🇳🇱 Lithuanians · Netherlands
1365
-18
🇹🇭 Ethiopians · Thailand
1363
-18
🇫🇷 Khmer · France
1253
-13
KingDiss
1:01 Loom
12:18 Feudal Age
16:25 Castle Age
14:58 Double-Bit Axe
15:43 Horse Collar
19:53 Heavy Plow
19:48 Stone Mining
24:04 Bow Saw
25:18 Wheelbarrow
29:17 Imperial Age
27:17 Scale Mail Armor
27:34 Gold Mining
28:01 Anarchy
28:55 Squires
29:13 Chain Mail Armor
28:41 Pikeman
30:13 Forging
30:06 Perfusion
32:01 Two-Man Saw
32:03 Iron Casting
31:13 Halberdier
34:07 Chemistry
32:50 Elite Huskarl
35:53 Crop Rotation
37:48 Blast Furnace
39:47 Conscription
41:42 Caravan
42:13 Coinage
41:53 Guilds
42:24 Stone Shaft Mining
Rakosnik
3:49 Loom
10:55 Feudal Age
14:40 Castle Age
13:35 Double-Bit Axe
13:33 Horse Collar
16:18 Bow Saw
20:16 Wheelbarrow
19:29 Loom
21:51 Hand Cart
21:58 Heavy Plow
22:49 Gold Mining
23:34 Town Watch
23:44 Stone Mining
24:34 Gold Shaft Mining
28:27 Imperial Age
26:23 Fletching
26:33 Padded Archer Armor
26:58 Ballistics
26:44 Squires
27:44 Caravan
28:10 Thumb Ring
27:25 Crossbowman
28:57 Bodkin Arrow
28:42 Arbalester
30:29 Chemistry
30:35 Bracer
30:51 Leather Archer Armor
33:16 Ring Archer Armor
33:07 Bolt Magazine
35:34 Conscription
44:29 Siege Engineers
44:35 Masonry
49:46 Hoardings
51:22 Town Patrol
50:47 Man-at-Arms
kozakeloth
0:42 Loom
11:33 Feudal Age
15:37 Castle Age
14:04 Stone Mining
14:25 Double-Bit Axe
14:59 Horse Collar
25:14 Gold Mining
27:31 Scale Barding Armor
32:47 Corvinian Army
33:54 Wheelbarrow
34:22 Husbandry
34:32 Bloodlines
35:04 Heavy Plow
36:18 Chain Barding Armor
38:20 Hand Cart
41:56 Imperial Age
38:59 Light Cavalry
40:42 Gold Shaft Mining
42:04 Hussar
43:30 Plate Barding Armor
43:38 Bow Saw
44:02 Conscription
43:43 Recurve Bow
44:30 Elite Magyar Huszar
TheLawRøcK®
11:40 Feudal Age
14:44 Wheelbarrow
18:02 Castle Age
16:36 Double-Bit Axe
16:34 Horse Collar
18:14 Gold Mining
18:58 Hand Cart
19:05 Bow Saw
19:18 Heavy Plow
22:53 Gold Shaft Mining
24:29 Stone Mining
29:39 Imperial Age
28:16 Fletching
29:10 Bodkin Arrow
30:07 Padded Archer Armor
29:47 Elite Elephant Archer
29:55 Elite Elephant Archer
30:55 Bracer
33:02 Ballistics
33:59 Conscription
35:51 Leather Archer Armor
37:14 Ring Archer Armor
38:31 Forging
40:20 Iron Casting
45:54 Light Cavalry
47:59 Bloodlines
48:19 Husbandry
49:11 Bloodlines
50:32 Scale Barding Armor
BenjLike
2:00 Loom
11:36 Feudal Age
12:15 Double-Bit Axe
12:11 Horse Collar
18:50 Castle Age
20:02 Bow Saw
19:52 Heavy Plow
20:42 Wheelbarrow
26:03 Wheelbarrow
25:13 Town Watch
26:38 Gold Mining
30:35 Imperial Age
28:22 Hand Cart
29:59 Gold Shaft Mining
30:18 Fortified Wall
30:40 Stone Mining
31:53 Crop Rotation
32:54 Stone Shaft Mining
34:24 Chemistry
34:29 Heavy Scorpion
35:58 Ballistics
35:42 Town Patrol
36:07 Siege Engineers
35:33 Capped Ram
35:34 Onager
38:07 Masonry
37:40 Siege Ram
38:44 Double Crossbow
39:05 Conscription
40:06 Fletching
40:18 Padded Archer Armor
40:23 Scale Barding Armor
40:29 Forging
40:20 Scale Mail Armor
40:57 Caravan
41:27 Coinage
42:02 Murder Holes
42:37 Architecture
43:04 Banking
42:58 Guard Tower
43:04 Bodkin Arrow
43:24 Leather Archer Armor
43:25 Chain Mail Armor
43:31 Chain Barding Armor
VesperalCamp546
1:55 Loom
10:54 Feudal Age
15:18 Castle Age
13:51 Horse Collar
15:27 Double-Bit Axe
23:43 Sanctity
23:43 Pikeman
30:58 Wheelbarrow
45:32 Imperial Age
43:38 Elite Skirmisher
45:59 Fletching
46:09 Padded Archer Armor
45:35 Halberdier
KootH.
3:31 Loom
10:56 Feudal Age
14:39 Castle Age
12:43 Double-Bit Axe
13:11 Horse Collar
15:54 Bow Saw
16:50 Heavy Plow
25:54 Wheelbarrow
25:32 Fletching
25:43 Gold Mining
27:44 Husbandry
31:04 Bodkin Arrow
34:20 Imperial Age
32:28 Padded Archer Armor
33:08 Ballistics
33:46 Bloodlines
34:46 Hand Cart
35:07 Leather Archer Armor
34:38 Heavy Scorpion
35:59 Parthian Tactics
36:30 Gold Shaft Mining
37:23 Chemistry
36:52 Bracer
39:55 Town Watch
45:23 Light Cavalry
46:08 Capped Ram
503058320
11:05 Feudal Age
14:59 Castle Age
12:51 Double-Bit Axe
13:14 Horse Collar
22:45 Wheelbarrow
22:12 Stone Mining
23:20 Gold Mining
24:40 Bow Saw
26:01 Hand Cart
26:28 Loom
30:36 Imperial Age
28:17 Heavy Plow
28:40 Town Watch
28:46 Fletching
28:17 Crossbowman
29:04 Thumb Ring
29:16 Bodkin Arrow
29:42 Ballistics
30:49 Padded Archer Armor
31:18 Bracer
32:19 Chemistry
30:45 Arbalester
32:14 Masonry
31:58 Elite Skirmisher
32:40 Scale Mail Armor
32:58 Leather Archer Armor
33:54 Gold Shaft Mining
34:54 Ring Archer Armor
36:07 Conscription
36:01 Masonry
36:56 Coinage
36:27 Caravan
38:10 Scale Mail Armor
39:25 Banking
40:04 Royal Heirs
44:42 Two-Man Saw
44:15 Architecture
43:51 Siege Engineers
Connection lost

Rejoining the realm…

Still unreachable

The connection could not be restored.

Session expired

The server has moved on; the page needs a fresh start.